AoeStats
← KKKabrera

Lombardia

510246734Analyzed
4v4 RM · 2d ago on Sep 30, 2026· 58m 51s· 8 players
Game mode
Random Map
Map size
Large (8 player)
Population
200
Speed
Normal
Resources
Standard
Victory
Conquest
Starting age
Dark Age
Ending age
Imperial Age
RankedLock teamsTeams togetherTeam positionsShared explorationLock speedFull tech treeHidden civsTurbo modeCheats
Victory
Defeat
🇵🇪 Inca · Peru
623
+16
🇧🇷 Varangians · Brazil
590
+17
🇨🇱 Turks · Chile
536
+19
🇵🇪 Britons · Peru
534
+19
🇲🇽 Persians · Mexico
687
-21
🇨🇳 Mongols · China
674
-20
🇲🇽 Celts · Mexico
547
-15
🇭🇰 Goths · Hong Kong SAR China
542
-15
KatorZ
0:30 Loom
10:48 Feudal Age
12:35 Double-Bit Axe
12:33 Horse Collar
21:52 Castle Age
24:24 Bow Saw
26:56 Scale Barding Armor
27:07 Forging
28:10 Town Watch
30:00 Wheelbarrow
32:11 Hand Cart
31:56 Town Patrol
32:46 Town Patrol
33:33 Husbandry
33:44 Bloodlines
37:16 Chain Barding Armor
37:33 Iron Casting
36:56 Gold Mining
36:56 Stone Mining
37:10 Heavy Plow
38:49 Stone Shaft Mining
41:02 Imperial Age
38:27 Vendel Legacy
39:35 Heated Shot
39:28 Treadmill Crane
40:00 Masonry
39:47 Murder Holes
40:04 Fortified Wall
42:44 Crop Rotation
43:17 Two-Man Saw
42:03 Elite Jarl
43:17 Conscription
44:04 Plate Barding Armor
45:39 Blast Furnace
45:04 Cavalier
52:23 Chemistry
51:45 Ballistics
51:56 Architecture
51:31 Siege Engineers
51:18 Guard Tower
51:33 Scale Mail Armor
51:24 Fletching
51:34 Padded Archer Armor
lycandros
9:15 Feudal Age
8:02 Loom
12:26 Double-Bit Axe
18:39 Wheelbarrow
20:07 Man-at-Arms
24:43 Padded Archer Armor
24:34 Fletching
31:24 Castle Age
32:06 Crossbowman
32:10 Elite Skirmisher
33:18 Hand Cart
34:23 Leather Archer Armor
34:38 Bodkin Arrow
44:04 Bow Saw
43:51 Light Cavalry
44:32 Husbandry
49:54 Imperial Age
48:08 Scale Barding Armor
48:04 Scale Mail Armor
48:15 Forging
50:24 Elite Longbowman
57:55 Horse Collar
KKKabrera
1:18 Loom
15:54 Feudal Age
17:31 Wheelbarrow
16:41 Town Watch
19:32 Horse Collar
20:46 Double-Bit Axe
21:52 Fletching
22:03 Padded Archer Armor
22:14 Forging
22:10 Scale Barding Armor
26:17 Castle Age
27:57 Hand Cart
27:43 Town Patrol
27:54 Bodkin Arrow
28:41 Heavy Plow
28:53 Bow Saw
28:41 Gold Mining
29:17 Caravan
30:33 Leather Archer Armor
32:15 Fervor
35:28 Imperial Age
36:17 Husbandry
36:28 Bloodlines
39:35 Two-Man Saw
38:54 Guilds
41:41 Elite Janissary
42:27 Bracer
43:03 Iron Casting
42:49 Chain Barding Armor
42:59 Ring Archer Armor
43:00 Thumb Ring
44:19 Cavalier
46:18 Conscription
48:22 Coinage
48:14 Heavy Camel Rider
52:26 Masonry
52:11 Murder Holes
52:27 Fortified Wall
52:38 Ballistics
51:58 Treadmill Crane
52:34 Redemption
Lino
1:36 Loom
14:26 Feudal Age
16:42 Forging
16:38 Double-Bit Axe
16:44 Gold Mining
17:59 Wheelbarrow
18:18 Horse Collar
19:13 Scale Mail Armor
19:58 Champi Runner
21:25 Fletching
28:35 Castle Age
30:14 Iron Casting
29:55 Chain Mail Armor
29:03 Champi Warrior
29:45 Squires
30:51 Hand Cart
30:45 Heavy Plow
30:58 Bow Saw
33:01 Bodkin Arrow
38:25 Sanctity
42:51 Imperial Age
40:18 Stone Mining
41:04 Gold Shaft Mining
43:15 Elite Champi Warrior
46:44 Blast Furnace
48:21 Hoardings
56:34 Plate Mail Armor
56:05 Bracer
PoisonSoup91
songshu512
13:14 Feudal Age
13:58 Horse Collar
14:09 Double-Bit Axe
14:17 Gold Mining
18:50 Stone Mining
21:47 Castle Age
22:55 Pikeman
23:48 Man-at-Arms
27:10 Forging
32:29 Squires
31:50 Long Swordsman
34:38 Stone Shaft Mining
36:30 Iron Casting
36:32 Scale Mail Armor
37:57 Heavy Plow
38:12 Bow Saw
39:23 Anarchy
42:02 Chain Mail Armor
45:33 Imperial Age
43:43 Wheelbarrow
45:39 Elite Huskarl
46:24 Perfusion
46:46 Conscription
47:42 Blast Furnace
46:21 Two-Handed Swordsman
46:22 Halberdier
47:57 Hand Cart
47:51 Champion
luisxd665
0:44 Loom
19:03 Feudal Age
24:36 Castle Age
22:49 Horse Collar
23:04 Gold Mining
23:08 Stone Mining
22:42 Man-at-Arms
31:49 Double-Bit Axe
34:41 Gold Shaft Mining
34:44 Stone Shaft Mining
35:32 Heavy Plow
35:52 Bow Saw
36:56 Wheelbarrow
39:08 Hand Cart
40:02 Caravan
40:33 Coinage
43:34 Imperial Age
44:09 Forging
44:00 Scale Mail Armor
44:06 Scale Barding Armor
44:02 Padded Archer Armor
43:52 Fletching
43:26 Long Swordsman
43:51 Gambesons
43:27 Pikeman
43:53 Arson
43:52 Heavy Scorpion
45:27 Guilds
45:50 Banking
45:04 Cavalier
46:56 Capped Ram
51:13 Halberdier
52:14 Two-Handed Swordsman
53:10 Siege Ram
55:10 Chemistry
54:22 Masonry
54:08 Murder Holes
56:56 Paladin
57:36 Husbandry
Good night
1:17 Loom
11:02 Feudal Age
19:06 Castle Age
18:25 Double-Bit Axe
18:39 Gold Mining
18:40 Stone Mining
19:33 Fletching
19:44 Padded Archer Armor
25:31 Gold Shaft Mining
25:31 Stone Shaft Mining
28:11 Leather Archer Armor
27:51 Bodkin Arrow
31:30 Elite Skirmisher
32:30 Bow Saw
39:43 Imperial Age
37:32 Masonry
38:16 Nomads
38:40 Ballistics
38:33 Fortified Wall
38:38 Forging
38:13 Horse Collar
43:35 Wheelbarrow
43:30 Elite Mangudai
46:10 Hand Cart
49:29 Hoardings
49:20 Conscription
51:07 Bracer
50:58 Heavy Scorpion
50:59 Onager
Connection lost

Rejoining the realm…

Still unreachable

The connection could not be restored.

Session expired

The server has moved on; the page needs a fresh start.